 Dungeon Crawl Stone Soup version 0.24-a0-292-g5c6fb1cd70 (webtiles) character file.

Game seed: 9296123930276389810

1047 MachJacob the Geomancer (level 8, -12/62 HPs)
             Began as a Deep Dwarf Earth Elementalist on May 10, 2019.
             Mangled by an orc warrior
             ... wielding a +0 scimitar
              (15 damage)
             ... on level 6 of the Dungeon.
             The game lasted 00:26:39 (6476 turns).

MachJacob the Geomancer (DDEE)                      Turns: 6476, Time: 00:26:39

Health: -12/62     AC:  9    Str: 12    XL:     8   Next: 5%
Magic:  2/13       EV: 17    Int: 18    God:
Gold:   229        SH:  0    Dex: 13    Spells: 3/14 levels left

rFire    . . .     SeeInvis .   a - +0 whip (elec)
rCold    . . .     Gourm    .   (no shield)
rNeg     + . .     Faith    .   p - +2 robe {rN+}
rPois    .         Spirit   .   n - +0 helmet
rElec    .         Reflect  .   (no cloak)
rCorr    .         Harm     .   (no gloves)
MR       +....                  (no boots)
Stlth    ++........             t - amulet of the acrobat
HPRegen  0.00/turn              i - +3 ring of evasion
MPRegen  0.13/turn              c - +4 ring of protection

@: non-regenerating
A: damage resistance, heal wounds, sense surroundings 1, no regeneration
a: Heal Wounds


You were on level 6 of the Dungeon.
You were not hungry.

You visited 1 branch of the dungeon, and saw 6 of its levels.

You collected 229 gold pieces.

Inventory:

Hand Weapons
 a - a +0 whip of electrocution (weapon)
 b - a +1 hunting sling of velocity
Missiles
 m - 76 stones (quivered)
Armour
 n - a +0 helmet (worn)
 p - a +2 robe of positive energy (worn)
Jewellery
 c - a +4 ring of protection (right hand)
 i - a +3 ring of evasion (left hand)
 k - an uncursed amulet of harm
 t - an amulet of the acrobat (around neck)
Scrolls
 e - 4 scrolls of remove curse
 r - a scroll of enchant armour
 s - a scroll of teleportation
Potions
 f - a potion of flight
 g - a potion of heal wounds {unknown}
 h - 2 potions of curing
 j - a potion of cancellation
 l - 2 potions of lignification {unknown}
 o - 2 potions of mutation {unknown}
 q - a potion of might
Comestibles
 d - 10 rations


   Skills:
 + Level 0.0 Fighting
 + Level 5.1 Dodging
 - Level 2.4 Stealth
 + Level 3.9 Spellcasting
 + Level 2.9 Conjurations
 - Level 0.8 Transmutations
 * Level 9.0 Earth Magic


You had 3 spell levels left.
You knew the following spells:

 Your Spells              Type           Power        Failure   Level  Hunger
a - Sandblast             Erth           #####.       1%          1    None
b - Passwall              Tmut/Erth      ###.....     3%          2    ##.....
c - Stone Arrow           Conj/Erth      ####..       3%          3    ###....
d - Lee's Rapid Deconstr  Erth           #####.....   10%         5    ######.

Your spell library contained the following spells:

 Spells                   Type           Power        Failure   Level  Hunger
 Petrify                  Tmut/Erth      ###.....     19%         4    ####...


Dungeon Overview and Level Annotations

Branches:
Dungeon (6/15)
 Temple: D:4-7

Altars:
Ru

Annotations:
D:2 Sigmund
D:4 Dowan, Duvessa


Innate Abilities, Weirdness & Mutations

You are resistant to damage.
You can heal yourself by infusing magical energy.
You passively map a small area around you.
You do not regenerate.


Message History

The orc priest miscasts a cantrip.
The orc warrior hits you with a +0 scimitar!
You barely miss the orc warrior.
The orc warrior is almost dead.
The orc warrior closely misses you.
You hit the orc warrior but do no damage.
The orc warrior is almost dead.
The orc priest calls down the wrath of Beogh upon you.
Beogh smites you!
You hit the orc warrior but do no damage.
The orc warrior is almost dead.
The orc warrior hits you with a +0 scimitar.
You closely miss the orc warrior.
The orc warrior is almost dead.
The orc warrior hits you with a +0 scimitar!!
* * * LOW HITPOINT WARNING * * *
You hit the orc warrior but do no damage.
The orc warrior is almost dead.
The orc warrior hits you with a +0 scimitar!
You die...

*, ############ *
###..........##############
#...########....@ooo......#####..
#.### ##############o.......
#.######### #........
..........### * * ##.......
.............,, *, * .......
..........#.. , ,, , , ...o...
..###.#####.# #, .......
.........>..> ** * #. , .......
...#.....#### ..##.## * ^..(...


You could see an orc warrior and 2 orc priests.

Vanquished Creatures
  An ice beast (D:6)
  A sky beast (D:6)
  A centaur (D:6)
  2 bullfrogs (D:6)
  A crimson imp (D:5)
  2 bullfrog skeletons (D:5)
  A hound (D:5)
  Natasha (thrice) (D:1)
  Terence (D:2)
  5 orc wizards
  3 worker ants
  2 hound skeletons
  Robin (D:3)
  8 adders
  A shadow imp (D:5)
  An adder zombie (D:5)
  4 worms
  2 dart slugs
  4 leopard geckos
  12 orcs
  7 bats
  3 giant cockroaches (D:1)
  17 goblins
  5 hobgoblins
  6 jackals
  6 quokkas
  4 frilled lizards
  5 kobolds
  A quokka skeleton (D:5)
  9 rats
119 creatures vanquished.

Notes
Turn   | Place    | Note
-------+----------+-------------------------------------------
     0 | D:1      | MachJacob the Deep Dwarf Earth Elementalist began the quest
                  | for the Orb.
     0 | D:1      | Reached XP level 1. HP: 15/15 MP: 3/3
   256 | D:1      | Reached XP level 2. HP: 22/22 MP: 2/4
   564 | D:1      | Learned a level 2 spell: Passwall
   903 | D:2      | Reached XP level 3. HP: 28/28 MP: 1/6
   957 | D:2      | Noticed Natasha
   966 | D:1      | Killed Natasha
   966 | D:1      | Reached skill level 5 in Earth Magic
  1302 | D:1      | Noticed Natasha
  1305 | D:1      | Killed Natasha
  1305 | D:1      | Reached XP level 4. HP: 36/36 MP: 4/7
  1623 | D:1      | Noticed Natasha
  1628 | D:1      | Killed Natasha
  1670 | D:2      | Noticed Terence
  1718 | D:2      | Killed Terence
  1718 | D:2      | Reached skill level 6 in Earth Magic
  1718 | D:2      | Reached XP level 5. HP: 40/42 MP: 0/8
  1944 | D:2      | Learned a level 3 spell: Stone Arrow
  2048 | D:2      | Noticed Sigmund
  3257 | D:3      | Noticed Robin
  3334 | D:3      | Killed Robin
  3781 | D:3      | Found a faded altar of an unknown god.
  3869 | D:3      | Reached skill level 1 in Conjurations
  4174 | D:4      | Found a sacrificial altar of Ru.
  4546 | D:4      | Reached XP level 6. HP: 39/49 MP: 4/10
  4556 | D:4      | Reached skill level 7 in Earth Magic
  4565 | D:4      | Learned a level 5 spell: Lee's Rapid Deconstruction
  4677 | D:4      | Noticed Duvessa
  4677 | D:4      | Noticed Dowan
  5001 | D:5      | Entered Level 5 of the Dungeon
  5001 | D:5      | Noticed an orc warrior
  5715 | D:5      | Reached XP level 7. HP: 49/55 MP: 7/11
  6034 | D:6      | Reached skill level 8 in Earth Magic
  6369 | D:6      | Reached skill level 5 in Dodging
  6378 | D:6      | Reached skill level 9 in Earth Magic
  6378 | D:6      | Reached XP level 8. HP: 41/62 MP: 8/13
  6475 | D:6      | HP: 3/62 [orc warrior/+0 scimitar (20)]
  6476 | D:6      | Mangled by an orc warrior

Levels and vault maps discovered:
D:1:      lightli_arrival_noodles, layout_rooms
D:2:      layout_loops_ring, first_ration, uniq_natasha, uniq_terence,
          uniq_sigmund
D:3:      layout_basic, chequers_ecumenical_altar_simple, minmay_fountain_box,
          dk_noncrumbling_4, minmay_misc_feat_more_columns, st_stairs_3,
          uniq_robin
D:4:      layout_cave_pods, lemuel_crystal_altar, uniq_duvessa
D:5:      layout_basic, kennysheep_generic_room_13
D:6:      layout_rooms, minmay_checkerbox

Skill      XL: |  1  2  3  4  5  6  7 |
---------------+----------------------+-----
Spellcasting   | 2 3 |  3.9
Earth Magic    | 5 6 7 9 |  9.0
Dodging        | 3 4 5 |  5.1
Conjurations   | 1 2 |  2.9
Stealth        | |  2.4
Transmutations | |  0.8

Action                   |  1- 3 |  4- 6 |  7- 9 || total
-------------------------+-------+-------+-------++-------
Melee: Whip              |       |    19 |     9 ||    28
 Fire: Hunting sling     |       |     4 |       ||     4
Throw: Stone             |       |       |     1 ||     1
 Cast: Sandblast         |    46 |   122 |    44 ||   212
       Stone Arrow       |       |     1 |     7 ||     8
 Abil: Heal Wounds       |       |     1 |     1 ||     2
  Use: Scroll            |     2 |    13 |     1 ||    16
       Potion            |       |     1 |       ||     1
 Stab: Sleeping          |       |     1 |       ||     1
  Eat: Chunk             |     2 |    15 |     3 ||    20
Armor: Robe              |     9 |    21 |     5 ||    35
Dodge: Dodged            |    15 |    49 |    16 ||    80

Table legend:
 A = Non-vault XP
 B = Vault XP
 C = Vault XP percentage of total XP
 D = Non-vault monster count
 E = Vault monster count
 F = Vault count percentage of total count
                 A         B        C        D         E       F
            +---------+---------+-------+---------+---------+-------
      Total |    1329 |     168 |  11.2 |     100 |      19 |  16.0
            +---------+---------+-------+---------+---------+-------
        D:1 |     109 |      36 |  24.8 |      25 |       1 |   3.8
        D:2 |      70 |      36 |  34.0 |      18 |       1 |   5.3
        D:3 |      56 |      47 |  45.6 |      15 |      15 |  50.0
        D:4 |     167 |       0 |   0.0 |      16 |       0 |   0.0
        D:5 |     371 |       0 |   0.0 |      17 |       0 |   0.0
        D:6 |     556 |      49 |   8.1 |       9 |       2 |  18.2
            +---------+---------+-------+---------+---------+-------
